 Dungeon Crawl Stone Soup version 0.20.1-1-g8b1a95d (webtiles) character file.

48 Nattfarinn the Sneak (level 3, -2/26 HPs)
             Began as a Vampire Enchanter on Aug 1, 2017.
             Slain by an adder (4 damage)
             ... on level 2 of the Dungeon.
             The game lasted 00:06:38 (2437 turns).

Nattfarinn the Sneak (Vampire Enchanter)            Turns: 2437, Time: 00:06:38

Health: -2/26      AC:  2    Str:  7    XL:     3   Next: 50%
Magic:  1/6        EV: 13    Int: 17    God:
Gold:   11         SH:  0    Dex: 15    Spells: 3/6 levels left

rFire    . . .     SeeInvis +   a - +1 dagger
rCold    + . .     Gourm    .   (no shield)
rNeg     + + .     Faith    .   b - +0 robe
rPois    +         Spirit   .   (no helmet)
rElec    .         Reflect  .   (no cloak)
rCorr    .         Harm     .   (no gloves)
MR       .....                  (no boots)
Stlth    ++++......             (no amulet)
Regen    0.1/turn               (no ring)
MPRegen  0.1/turn               (no ring)

@: regenerating slowly
A: fangs 3, see invisible, unbreathing
a: Bat Form


You were on level 2 of the Dungeon.
You were near bloodless.

You visited 1 branch of the dungeon, and saw 2 of its levels.

You collected 11 gold pieces.

Inventory:

Hand Weapons
 a - a +1 dagger (weapon)
Armour
 b - a +0 robe (worn)
 g - a +0 shield
Scrolls
 e - 2 scrolls of identify {unknown}
 f - a scroll of magic mapping {unknown}
 h - a scroll of noise {unknown}
 j - a scroll of fog {unknown}
Potions
 d - 10 potions of blood
Books
 c - a book of Maledictions

   Spells                             Type                      Level
   a - Corona                         Hexes                        1
   b - Ensorcelled Hibernation        Hexes/Ice                    2
   c - Confuse                        Hexes                        3
   d - Tukima's Dance                 Hexes                        3
   e - Dazzling Spray                 Conjuration/Hexes            3


   Skills:
 * Level 1.3 Fighting
 + Level 1.3 Short Blades
 - Level 2.1 Dodging
 * Level 6.2 Stealth
 - Level 2.0 Spellcasting
 - Level 4.4 Hexes


You had 3 spell levels left.
You knew the following spells:

 Your Spells              Type           Power        Failure   Level  Hunger
a - Corona                Hex            ###....      3%          1    #......
b - Ensorcelled Hibernat  Hex/Ice        #.....       12%         2    ###....


Dungeon Overview and Level Annotations

Branches:
Dungeon (2/15)

Altars:


Innate Abilities, Weirdness & Mutations

You heal slowly.
You have razor-sharp teeth.
You have supernaturally acute eyesight. (SInv)
You can survive without breathing.


Message History

The adder barely misses you. The rat barely misses you.
You closely miss the adder.
The adder is severely wounded.
The adder closely misses you. The rat bites you.
You barely miss the adder.
The adder is severely wounded.
The adder closely misses you. The rat barely misses you.
You miss the adder.
The adder is severely wounded.
The adder closely misses you. The adder bites you.
* * * LOW HITPOINT WARNING * * *
The rat misses you.
You hit the adder but do no damage.
The adder is severely wounded.
The adder bites you.
* * * LOW HITPOINT WARNING * * *
You barely miss the adder.
The adder is severely wounded.
The rat barely misses you. The adder bites you.
You die...

#######..#####
#..............#
#....>.........#
#..............#
#..............#
#..............#
######..............#
#...........r.......#
#.####.....sS@......#
#...<#..####+########
#.#.......#
.......)..+
###.......# #.......#
#.........
##.........
#.........l.


You could see an adder, a giant cockroach and a rat.

Vanquished Creatures
  An adder (D:2)
  A worm (D:2)
  A leopard gecko (D:1)
  A bat (D:1)
  3 giant cockroaches (D:1)
  2 goblins (D:1)
  9 hobgoblins
  2 jackals (D:2)
  6 kobolds
  2 frilled lizards (D:1)
  A rat (D:2)
29 creatures vanquished.

Notes
Turn   | Place    | Note
-------+----------+-------------------------------------------
     0 | D:1      | Nattfarinn the Vampire Enchanter began the quest for the Orb.
     0 | D:1      | Reached XP level 1. HP: 13/13 MP: 3/3
   116 | D:1      | Reached skill level 5 in Stealth
   164 | D:1      | Reached XP level 2. HP: 9/20 MP: 5/5
   795 | D:1      | Reached skill level 1 in Fighting
  1717 | D:2      | Learned a level 2 spell: Ensorcelled Hibernation
  1852 | D:2      | HP: 1/21 [jackal (1)]
  1855 | D:2      | Reached XP level 3. HP: 2/26 MP: 6/6
  1880 | D:2      | Reached skill level 6 in Stealth
  2437 | D:2      | Slain by an adder

Skill      XL: |  1  2  3 |
---------------+----------+-----
Stealth        | 5 6 |  6.2
Fighting       | 1 |  1.3
Short Blades   | |  1.3
Dodging        | |  2.1
Spellcasting   | |  2.0
Hexes          | |  4.4

Action                   || total
-------------------------++-------
Melee: Dagger            ||   126
       Bite              ||     5
 Cast: Ensorcelled Hiber ||    10
  Use: Potion            ||     3
 Stab: Sleeping          ||    12
Armor: Robe              ||    17
Dodge: Dodged            ||    80
Block: Shield            ||    10
